Map: Zen LE

Players

SortOf

  • Race: Zerg Zerg
  • Spawn Location: 1:00

TSGSolar (Solar) - Winner!

  • Race: Zerg Zerg
  • League: Master
  • Spawn Location: 7:00

VOD

Have the link to the VOD?

Description

Time

  • Played on: Jan. 8, 2020, 6:09 a.m.
  • Length: 13:31
Show
View Real Time Build Order
Export as new Build Order

SortOf Zerg 

Build Orders: Pool First 

Get SALT Encoding   

  12  0:18  Spawning Pool  
  11  0:22  Drone  
  11  0:27  Drone  
  13  0:31  Drone  
  14  0:40  Overlord  
  14  1:04  Zergling x4  
  14  1:05  Zergling x2  
  17  1:15  Zergling x2  
  18  1:19  Hatchery  
  17  1:27  Zergling x2  
  18  1:34  Queen  
  18  1:38  Zergling x2  
  21  1:47  Overlord  
  21  1:59  Drone  
  22  2:10  Queen  
  22  2:13  Drone  
  25  2:25  Drone  
  22  2:33  Queen  
  22  2:34  Drone x2  
  26  2:42  Drone x2  
  26  2:47  Drone x3  
  29  2:55  Queen  
  31  2:59  Zergling x2  
  31  3:03  Overlord  
  32  3:08  Zergling x2  
  32  3:09  Drone  
  34  3:16  Drone x2  
  36  3:20  Extractor x2, Drone  
  36  3:24  Overlord  
  36  3:26  Drone  
  36  3:28  Drone  
  36  3:31  Drone  
  36  3:33  Drone  
  39  3:35  Drone  
  39  3:41  Evolution Chamber  
  39  3:44  Drone x2  
  39  3:48  Drone x2  
  43  3:53  Drone x2  
  44  4:01  Drone  
  45  4:05  Drone  
  45  4:06  Drone, Roach Warren  
  46  4:13  Drone x3  
  49  4:18  Zerg Missile Weapons Level 1  
  49  4:26  Overlord  
  49  4:33  Hatchery  
  49  4:37  Lair  
  48  4:40  Drone  
  48  4:43  Drone x3  
  52  4:47  Extractor  
  52  4:48  Drone x3  
  52  4:51  Extractor  
  53  4:55  Drone  
  54  5:00  Drone  
  54  5:03  Overlord  
  54  5:06  Roach x2, Overlord  
  59  5:08  Drone  
  60  5:16  Overlord  
  60  5:18  Pneumatized Carapace  
  59  5:24  Overlord  
  59  5:27  Drone x3  
  62  5:30  Drone  
  63  5:37  Glial Reconstitution  
  63  5:40  Drone x5  
  68  5:43  Overseer  
  68  5:45  Overlord  
  68  5:46  Overlord  
  68  5:47  Roach  
  68  5:49  Roach  
  72  5:58  Roach x3  
  78  6:05  Drone x2  
  78  6:07  Drone  
  78  6:08  Extractor  
  78  6:09  Extractor  
  78  6:10  Drone x3  
  82  6:16  Drone x4  
  82  6:17  Zerg Missile Weapons Level 2  
  86  6:19  Roach x2  
  90  6:29  Roach x3  
  96  6:35  Drone  
  96  6:36  Drone  
  96  6:37  Roach x4  
  96  6:39  Overseer  
  106  6:46  Drone  
  107  6:49  Roach x3  
  113  6:57  Hatchery, Overlord x4  
  112  7:04  Tunneling Claws  
  112  7:06  Overseer, Burrow  
  112  7:09  Overlord  
  112  7:14  Overlord x2  
  112  7:17  Roach x4  
  112  7:19  Ravager x2  
  112  7:20  Ravager x2  
  124  7:25  Roach x4  
  132  7:35  Roach x5  
  136  7:44  Drone x2  
  136  7:45  Drone x2  
  136  7:49  Roach x4  
  144  7:58  Spore Crawler, Roach x3  
  143  7:59  Roach  
  143  8:00  Roach  
  153  8:06  Drone x5  
  153  8:07  Drone  
  153  8:09  Overlord  
  153  8:11  Ravager  
  153  8:12  Ravager  
  161  8:15  Hydralisk Den, Roach  
  162  8:23  Roach x5  
  170  8:31  Roach x6  
  170  8:34  Roach x6  
  170  8:40  Zerg Ground Armor Level 1  
  170  8:41  Drone x2, Infestation Pit  
  184  8:44  Overseer  
  183  8:50  Spore Crawler, Spine Crawler, Drone  
  182  9:02  Spine Crawler  
  181  9:03  Spine Crawler  
  181  9:05  Drone x3  
  181  9:06  Lurker Den, Extractor, Overlord  
  181  9:07  Drone x2  
  183  9:10  Overlord x2  
  183  9:17  Overlord x2  
  183  9:18  Overseer  
  183  9:23  Extractor  
  182  9:28  Drone x4  
  175  9:40  Roach x12  
  197  9:50  Roach x26  
  199  9:55  Hive, Muscular Augments  
  199  9:57  Overlord  
  199  10:02  Overlord  
  199  10:04  Spine Crawler  
  199  10:06  Drone  
  199  10:13  Roach x8  
  199  10:20  Hydralisk x4  
  195  10:34  Spine Crawler  
  194  10:36  Drone x5  
  199  10:45  Hatchery  
  198  11:07  Grooved Spines  
  198  11:14  Adrenal Glands, Seismic Spines  
  198  11:18  Evolution Chamber  
  195  11:23  Hydralisk x2  
  197  11:35  Overseer  
  195  11:53  Hydralisk x3  
  175  12:03  Hydralisk  
  175  12:04  Viper x4  
  177  12:09  Hydralisk x11  
  195  12:27  Hydralisk x7  
  199  12:30  Overlord x2  
  199  12:32  Overseer x2  
  191  12:38  Overlord  
  191  12:39  Hydralisk x11  
  177  12:47  Hydralisk  
  160  12:54  Hydralisk x4  
  125  13:05  Hydralisk x3  
  107  13:18  Roach Warren  
Show
View Real Time Build Order
Export as new Build Order

TSGSolar Zerg - Winner!

Build Orders: Hatch First, Lurkers 

Get SALT Encoding   

  12  0:01  Drone  
  13  0:12  Overlord  
  13  0:17  Drone  
  14  0:35  Drone x3  
  17  0:52  Hatchery  
  17  0:55  Drone  
  17  0:58  Drone  
  18  1:07  Extractor  
  17  1:13  Spawning Pool  
  17  1:17  Drone  
  17  1:21  Drone  
  18  1:29  Drone  
  19  2:00  Zergling x4  
  21  2:02  Zergling x2  
  21  2:03  Queen x2  
  21  2:04  Zergling x2  
  27  2:15  Zergling x2  
  27  2:27  Drone  
  27  2:29  Drone  
  25  2:35  Drone  
  25  2:42  Drone  
  26  2:45  Drone  
  26  2:49  Drone  
  28  2:55  Overlord  
  28  3:04  Overlord  
  28  3:15  Drone x5  
  28  3:18  Drone  
  34  3:20  Drone  
  34  3:23  Drone  
  34  3:25  Drone  
  37  3:28  Drone  
  37  3:31  Drone  
  37  3:33  Drone  
  40  3:46  Hatchery  
  40  3:47  Drone  
  40  3:54  Drone  
  41  3:57  Drone x3  
  41  4:00  Overlord  
  43  4:05  Evolution Chamber  
  43  4:06  Drone  
  43  4:15  Overlord  
  43  4:19  Drone x3  
  43  4:22  Drone x2, Roach Warren  
  47  4:25  Extractor  
  47  4:30  Zerg Missile Weapons Level 1  
  46  4:31  Drone x2  
  46  4:32  Drone x2  
  46  4:33  Extractor  
  49  4:42  Drone x2  
  50  4:46  Lair, Drone x4  
  50  4:52  Drone  
  55  4:53  Queen  
  55  4:58  Drone x3  
  59  5:01  Drone x2  
  59  5:03  Drone  
  61  5:09  Overlord  
  61  5:10  Drone x2  
  63  5:14  Extractor, Pneumatized Carapace  
  63  5:19  Drone x2  
  64  5:23  Extractor  
  64  5:25  Overlord  
  64  5:27  Roach  
  65  5:28  Roach x2  
  65  5:31  Roach x2  
  65  5:33  Overlord  
  73  5:41  Drone  
  74  5:44  Glial Reconstitution, Overseer x2  
  74  5:45  Overlord  
  78  5:50  Roach x3  
  78  5:52  Overlord  
  78  5:53  Roach x2  
  78  5:55  Overlord  
  84  5:58  Roach x2  
  84  6:02  Drone x2  
  90  6:04  Overlord  
  90  6:05  Drone  
  90  6:06  Overlord  
  90  6:08  Drone  
  90  6:10  Drone x2  
  94  6:12  Drone  
  94  6:13  Drone  
  96  6:19  Drone x2  
  98  6:27  Zerg Missile Weapons Level 2  
  98  6:28  Extractor  
  98  6:30  Drone  
  98  6:32  Roach x2  
  104  6:33  Roach  
  104  6:39  Evolution Chamber  
  103  6:45  Hatchery, Overlord  
  103  6:46  Roach x4  
  110  6:48  Burrow  
  110  6:49  Drone  
  111  6:54  Roach  
  111  6:55  Roach, Overlord  
  111  6:58  Overlord  
  115  7:03  Drone, Tunneling Claws  
  115  7:05  Roach x3  
  115  7:08  Zerg Ground Armor Level 1  
  122  7:09  Overlord  
  122  7:14  Infestation Pit  
  121  7:16  Drone x3  
  121  7:20  Roach x3  
  121  7:22  Overlord  
  130  7:25  Overlord  
  130  7:30  Roach x3  
  130  7:31  Roach  
  130  7:36  Roach x2  
  142  7:37  Roach  
  142  7:39  Roach  
  142  7:40  Roach  
  142  7:41  Roach  
  150  7:47  Roach x2  
  150  7:49  Roach x2  
  158  7:54  Drone  
  158  7:55  Hydralisk Den, Hive  
  158  8:01  Drone x2  
  158  8:03  Ravager x4  
  158  8:04  Overlord  
  164  8:08  Roach x4  
  172  8:13  Roach x2  
  172  8:16  Extractor, Overlord  
  172  8:17  Overlord  
  172  8:18  Overlord  
  175  8:20  Overlord  
  175  8:22  Overlord  
  175  8:28  Overseer, Roach x4, Overlord  
  175  8:29  Overlord  
  175  8:30  Overlord  
  175  8:32  Overseer  
  175  8:35  Drone  
  175  8:37  Hydralisk  
  175  8:38  Lurker Den  
  177  8:42  Hydralisk x2  
  177  8:45  Drone x6  
  181  8:48  Hydralisk x3  
  181  8:53  Queen  
  181  8:54  Hydralisk  
  188  9:00  Grooved Spines  
  188  9:01  Drone x2  
  190  9:05  Roach x4, Hydralisk x2  
  194  9:12  Spine Crawler  
  194  9:16  Zerg Missile Weapons Level 3  
  193  9:21  Extractor  
  192  9:24  Drone x3  
  192  9:29  Hydralisk x3  
  187  9:39  Zerg Ground Armor Level 2  
  187  9:42  Spore Crawler  
  186  9:47  Spine Crawler  
  186  9:49  Spine Crawler  
  186  9:51  Overseer  
  184  10:02  Seismic Spines  
  184  10:03  Lurker x3  
  184  10:05  Hatchery  
  184  10:06  Lurker  
  187  10:08  Hydralisk  
  187  10:12  Muscular Augments  
  187  10:13  Hydralisk x2  
  183  10:17  Hydralisk x2  
  183  10:21  Roach x4, Drone x3  
  177  10:25  Hydralisk x4  
  188  10:31  Hydralisk x2  
  192  10:50  Hydralisk x4  
  198  10:57  Lurker x2  
  198  10:59  Adaptive Talons  
  200  11:10  Roach  
  199  11:15  Roach x2  
  199  11:16  Roach x2  
  199  11:30  Extractor  
  199  11:32  Extractor  
  191  11:33  Hydralisk x4  
  191  11:34  Hydralisk  
  191  11:37  Roach  
  198  11:54  Lurker x7  
  191  11:55  Roach x5  
  191  11:57  Roach  
  191  12:00  Roach x2  
  197  12:02  Roach x2  
  197  12:03  Roach x3  
  197  12:06  Roach x3  
  188  12:10  Hydralisk  
  188  12:11  Hydralisk x4  
  198  12:21  Hydralisk x4  
  198  12:22  Roach  
  191  12:27  Hydralisk x2  
  191  12:28  Hydralisk  
  185  12:31  Roach x2  
  185  12:36  Roach  
  191  12:38  Roach x5  
  197  12:46  Roach x2  
  197  12:48  Roach  
  197  12:51  Roach x2  
  197  12:52  Hydralisk x2  
  197  12:53  Hydralisk  
  197  12:54  Hydralisk  
  197  12:57  Hydralisk x2  
  190  13:03  Hydralisk x2  
  190  13:04  Hydralisk  
  188  13:07  Hydralisk  
  194  13:24  Spine Crawler  
Tags
 
Add a new tag
Caveats
  • Supply blocks, unpowered buildings, or Contaminate may cause inaccurate times.
  • Supply counts are checked every 10 seconds.